 Dungeon Crawl Stone Soup version 0.26-a0-597-gb535b0901c (webtiles) character file.

Game seed: 17867044397398089232

105 hickop the Vandal (level 5, -2/34 HPs)
             Began as a Halfling Hunter on Sept 15, 2020.
             Slain by a bullfrog (7 damage)
             ... on level 4 of the Dungeon.
             The game lasted 00:08:19 (1802 turns).

hickop the Vandal (Halfling Hunter)                 Turns: 1802, Time: 00:08:19

Health: -2/34      AC:  3    Str: 14    XL:     5   Next: 8%
Magic:  5/5        EV: 15    Int:  9    God:
Gold:   108        SH:  0    Dex: 15    Spells: 4/4 levels left

rFire    . . .     SeeInvis .   a - +1 hunting sling
rCold    . . .     Faith    .   (shield restricted)
rNeg     . . .     Spirit   .   c - +0 leather armour
rPois    .         Reflect  .   (no helmet)
rElec    .         Harm     .   (no cloak)
rCorr    .                      (no gloves)
MR       .....                  (no boots)
Stlth    ++........             (no amulet)
HPRegen  0.11/turn              (no ring)
MPRegen  0.09/turn              (no ring)

@: hasted, very quick
A: small, mutation resistance 1
a: no special abilities


You were on level 4 of the Dungeon.
You visited 1 branch of the dungeon, and saw 4 of its levels.

You collected 108 gold pieces.

Inventory:

Hand Weapons
 a - a +1 hunting sling (weapon)
 b - a +0 short sword
Missiles
 d - 23 sling bullets (quivered)
 g - 58 stones
Armour
 c - a +0 leather armour (worn)
Scrolls
 e - 5 scrolls of remove curse
 k - a scroll of teleportation {unknown}
 o - a scroll of magic mapping {unknown}
 p - a scroll of enchant armour {unknown}
Potions
 h - 2 potions of lignification
 i - a potion of cancellation {unknown}
 j - a potion of degeneration {unknown}
 l - a potion of might {unknown}
 m - a potion of magic {unknown}


   Skills:
 + Level 2.3 Fighting
 * Level 7.0 Slings
 + Level 1.4 Armour
 + Level 2.9 Dodging
 + Level 2.3 Stealth


You had 4 spell levels left.
You didn't know any spells.
Your spell library was empty.

Dungeon Overview and Level Annotations

Branches:
Dungeon (3/15)

Altars:


Innate Abilities, Weirdness & Mutations

You are small and have problems with some larger weapons.
You are somewhat resistant to further mutation.


Message History

The bullfrog is heavily wounded.
The bullfrog hits you. The bullfrog misses you.
A worm comes into view.
The bullfrog closely misses you.
Firing (i - inventory. (/) - cycle)
d - 24 sling bullets (quivered)
Press: ? - help, Shift-Dir - straight line, f/p - bullfrog
Aim: a bullfrog (heavily wounded)
You shoot a sling bullet.
The sling bullet closely misses the bullfrog.
The sling bullet hits the phantom!
The phantom is lightly damaged.
The bullfrog hits you!
* * * LOW HITPOINT WARNING * * *
Okay, then.
You feel yourself speed up.
The bullfrog hits you but does no damage.
The bullfrog closely misses you. The bullfrog hits you!
You die...

########## #.........#
###.........#
............# #......
...# #...#####..#
#@.....##W.#
#.F....##..#
#####...W..##..##...
............(.....(...
#w######....##........
#....#.........
#....#........#
#....#........#
#....#........#


You could see a phantom and a bullfrog.

Vanquished Creatures
  2 adders (D:2)
  An ooze (D:2)
  2 worms
  6 dart slugs
  3 leopard geckos
  7 bats
  A giant cockroach (D:2)
  5 hobgoblins
  9 jackals
  2 quokkas (D:2)
  A ball python (D:2)
  3 frilled lizards (D:1)
  8 goblins
  5 kobolds
  6 rats
61 creatures vanquished.

Notes
Turn   | Place    | Note
-------+----------+-------------------------------------------
     0 | D:1      | hickop the Halfling Hunter began the quest for the Orb.
     0 | D:1      | Reached XP level 1. HP: 14/14 MP: 1/1
    18 | D:1      | Reached skill level 6 in Slings
    89 | D:1      | Reached XP level 2. HP: 19/19 MP: 2/2
   271 | D:1      | Reached XP level 3. HP: 24/24 MP: 3/3
   399 | D:1      | Reached skill level 1 in Armour
   738 | D:2      | Reached XP level 4. HP: 27/29 MP: 4/4
  1162 | D:2      | Reached skill level 7 in Slings
  1323 | D:2      | Reached XP level 5. HP: 34/34 MP: 5/5
  1783 | D:3      | You fall into a shaft and drop 1 floor!
  1784 | D:4      | Noticed a phantom
  1784 | D:4      | Noticed a bullfrog
  1802 | D:4      | Slain by a bullfrog

Illustrated notes

Levels and vault maps discovered:
D:1:      minmay_arrival_semitransparent, layout_loops_ring, minmay_cupped
D:2:      layout_loops_corners
D:3:      layout_loops_ring, ebering_ghost_disaster_area
D:4:      kennysheep_six_static_rooms, layout_basic,
          minmay_temple_entry_crystal_x

Skill      XL: |  1  2  3  4 |
---------------+-------------+-----
Slings         | 6 7 |  7.0
Fighting       | 2 |  2.3
Armour         | 1 |  1.4
Stealth        | 2 |  2.3
Dodging        | |  2.9

Action                   |  1- 3 |  4- 6 || total
-------------------------+-------+-------++-------
 Fire: Hunting sling     |    83 |    69 ||   152
  Use: Scroll            |     3 |     2 ||     5
       Potion            |       |     1 ||     1
Armor: Leather armour    |     4 |     2 ||     6
Dodge: Dodged            |    17 |    16 ||    33

Table legend: (Time is in decaauts)
 A = Elapsed time spent in this place.
 B = Non-inter-level travel time spent in this place.
 C = Inter-level travel time spent in this place.
 D = Time resting spent in this place.
 E = Time spent auto-exploring this place.
 F = Levels seen in this place.
 G = Mean time per level.
                   A        B        C        D        E       F      G
               +--------+--------+--------+--------+--------+-----+--------+
         Total |   1781 |   1742 |     39 |      0 |   1453 |   4 |  445.2 |
       Dungeon |   1781 |   1742 |     39 |      0 |   1453 |   4 |  445.2 |
               +--------+--------+--------+--------+--------+-----+--------+

Top non-repeatable levels by time:
     D:2: 1066 daAuts
     D:1: 648 daAuts
     D:3: 49 daAuts
     D:4: 17 daAuts
